 Dungeon Crawl Stone Soup version 0.20.1-1-g8b1a95d (console) character file.

83706 Kloppie the Tortoise (level 15, -1/158 HPs)
             Began as a Minotaur Gladiator on July 10, 2017.
             Was the Champion of Okawaru.
             Slain by an eight-headed hydra (19 damage)
             ... on level 3 of the Swamp.
             The game lasted 00:31:07 (18226 turns).

Kloppie the Tortoise (Minotaur Gladiator)          Turns: 18226, Time: 00:31:08

Health: -1/158     AC: 30    Str: 24    XL:     15   Next: 33%
Magic:  0/19       EV: 15    Int:  5    God:    Okawaru [******]
Gold:   1189       SH:  0    Dex: 13    Spells: 14/14 levels left

rFire    + . .     SeeInvis .   a - +7 demon trident (freeze)
rCold    + . .     Gourm    .   (no shield)
rNeg     . . .     Faith    .   T - +0 plate armour {rC+}
rPois    +         Spirit   +   U - +1 hat {MR+}
rElec    .         Reflect  .   H - +2 cloak {rPois}
rCorr    .         Harm     .   x - +0 pair of gloves
MR       +++..                  I - +1 pair of boots {Stlth+}
Stlth    ..........             u - amulet of guardian spirit
Regen    0.4/turn               l - ring of Satisfaction {MR+ Slay+4}
MPRegen  0.2/turn               O - ring of protection from fire

@: heroism
A: retaliatory headbutt, hooves 1, horns 2, robust 1
a: Heroism, Finesse, Renounce Religion


You were on level 3 of the Swamp.
You worshipped Okawaru.
Okawaru was exalted by your worship.
You were not hungry.

You visited 3 branches of the dungeon, and saw 21 of its levels.
You also visited: Ossuary.

You collected 1189 gold pieces.

Inventory:

Hand Weapons
 a - a +7 demon trident of freezing (weapon)
 b - a +0 glaive
 y - the +6 arbalest "Damnation" {damnation}
   (You found it on level 5 of the Lair of Beasts)
Missiles
 d - 6 throwing nets (quivered)
 S - 37 bolts
Armour
 v - the +1 cloak "Hastri Arrero" {rC+ Str+4 Int+3}
   (Okawaru gifted it to you on level 5 of the Lair of Beasts)

   It affects your strength (+4).
   It affects your intelligence (+3).
   It protects you from cold.
 x - a +0 pair of gloves (worn)
 H - a +2 cloak of poison resistance (worn)
 I - a +1 pair of boots of stealth (worn)
 T - a +0 plate armour of cold resistance (worn)
 U - a +1 hat of magic resistance (worn)
 V - a scarf of resistance
Jewellery
 e - an uncursed ring of flight
 l - the ring of Satisfaction (left hand) {MR+ Slay+4}
   (You found it on level 4 of the Dungeon)

   [ring of slaying]

   It affects your accuracy and damage with ranged weapons and melee attacks
   (+4).
   It affects your resistance to hostile enchantments.
 u - an amulet of guardian spirit (around neck)
 w - an uncursed amulet of rage
 z - an uncursed ring of protection from cold
 N - a +3 amulet of reflection
 O - a ring of protection from fire (right hand)
 W - an uncursed ring of protection from magic
Wands
 s - a wand of digging (24/24)
 L - a wand of disintegration (11/24)
Scrolls
 c - a scroll of silence
 g - a scroll of recharging
 i - 3 scrolls of fog
 k - 11 scrolls of teleportation
 m - 13 scrolls of remove curse
 q - 6 scrolls of fear
 r - 3 scrolls of magic mapping
 M - 7 scrolls of blinking
 R - 4 scrolls of identify
 Z - a scroll of holy word
Potions
 o - 3 potions of agility
 t - 8 potions of curing
 A - a potion of invisibility
 B - 3 potions of flight
 C - 3 potions of cancellation
 F - 2 potions of lignification
 K - 2 potions of haste
Comestibles
 f - 11 bread rations
 h - 7 fruits
 n - 15 royal jellies
 p - 11 meat rations


   Skills:
 + Level 16.0(21.0) Fighting
 - Level 16.9(21.9) Polearms
 - Level 2.0(7.0) Throwing
 + Level 17.4(22.4) Armour
 - Level 9.8(14.8) Dodging
 - Level 7.2 Invocations


You had 14 spell levels left.
You didn't know any spells.

Dungeon Overview and Level Annotations

Branches:
Dungeon (11/15)            Temple (0/1) D:6            Lair (6/6) D:11
  Swamp (4/4) Lair:3        Snake (0/4) Lair:2        Slime (0/5) Lair:6
    Orc: D:9-12

Altars:
Cheibriados
Fedhas
Gozag
Hepliaklqana
Kikubaaqudgha
Makhleb
Okawaru
Qazlal
Ru
Sif Muna
Trog
Zin
The Shining One
Jiyva

Shops:
D:10 *

Annotations:
Lair:1 exclusion: 2 oklob plants


Innate Abilities, Weirdness & Mutations

You reflexively headbutt those who attack you in melee.
You have a pair of horns on your head.
You have large cloven feet.
You are robust. (+10% HP)


Message History

The eight-headed hydra bites you but does no damage.
The eight-headed hydra misses you.
The eight-headed hydra bites you but does no damage. x2
The eight-headed hydra bites you!
* * * LOW HITPOINT WARNING * * *
The eight-headed hydra bites you but does no damage. x2
You feel much better.
The swamp dragon bites you but does no damage.
The swamp dragon claws you but does no damage.
The swamp dragon tramples you but does no damage.
The seven-headed hydra bites you but does no damage.
The seven-headed hydra bites you!
* * * LOW HITPOINT WARNING * * *
The seven-headed hydra bites you but does no damage. x2
The seven-headed hydra closely misses you.
The seven-headed hydra bites you!
* * * LOW HITPOINT WARNING * * *
The seven-headed hydra bites you but does no damage.
The eight-headed hydra bites you!!
You die...

♣♣♣♣♣ ♣♣♣♣♣♣ ♣♣..≈♣♣ ♣♣♣♣
♣♣♣≈≈.≈♣♣♣ ♣♣♣♣♣≈..≈≈♣♣♣♣♣♣D.♣♣♣
♣.≈.≈≈...≈ ♣...≈♣♣♣♣≈≈♣♣≈k@D.≈≈♣
♣≈≈≈≈.....
♣.≈≈.≈≈♣♣.≈≈...D♣≈≈.♣♣♣≈........
♣.≈≈..≈♣.≈≈≈≈≈≈......♣≈......≈≈.
♣♣♣♣♣♣♣♣.≈≈≈≈.≈≈≈..≈≈.≈..≈≈..§≈≈≈
≈≈..≈♣§..≈≈≈..≈≈≈≈≈≈≈....≈...♣≈..
≈≈≈≈...≈≈≈≈≈.≈≈.≈≈≈≈≈...≈...≈♣...
≈≈≈≈≈≈≈≈§≈≈≈≈..≈≈.≈♣♣♣≈≈....≈≈.≈≈
≈≈≈≈≈..≈≈≈≈≈≈(≈≈≈♣♣♣♣♣≈≈≈≈≈≈.♣.≈≈
..≈≈≈.≈≈≈..♣♣♣...♣♣♣≈♣♣♣≈♣.≈.♣≈..


You could see an eight-headed hydra, a seven-headed hydra, a swamp dragon and a
swamp drake.

Vanquished Creatures
  Jorgrun (Swamp:3)
  A sphinx (D:9)
  3 thorn hunters
  Kirke (Lair:6)
  Nessos (Lair:5)
  A dire elephant (Lair:6)
  The ghost of Caractacus the Severer, a journeyman HOAK of Lugonu (Lair:4)
  11 hydras
  A ghost crab (Swamp:2)
  A catoblepas (Lair:6)
  6 death yaks
  The ghost of Schimscham the Frost Mage, a journeyman MfIE of Sif Muna (D:10)
  9 alligators
  Urug (Lair:5)
  A deep troll shaman (Lair:6)
  2 swamp dragons
  An unseen horror (D:9)
  A shambling mangrove (Swamp:3)
  A spriggan druid (Swamp:4)
  4 ugly things
  A cyclops (D:11)
  15 elephants
  5 black mambas
  15 spiny frogs
  A kobold demonologist (D:11)
  4 komodo dragons
  6 polar bears
  5 hornets
  3 trolls
  7 tyrant leeches
  Grinder (D:3)
  12 blink frogs
  5 dream sheep (Lair:5)
  2 bog bodies
  10 slime creatures
  5 hippogriffs
  3 centaur simulacra (D:11)
  4 spriggans
  The ghost of Timinator the Geomancer, an amateur GrEE (D:4)
  28 yaks
  3 wyverns
  A vampire (D:10)
  3 basilisks
  9 hogs
  4 steam dragons
  A hungry ghost (D:8)
  A human (D:7)
  19 vampire mosquitoes
  Menkaure (D:6)
  11 insubstantial wisps (Swamp:1)
  11 swamp worms
  3 nagas (Lair:2)
  5 water moccasins
  Duvessa (D:7)
  10 porcupines
  8 ice beasts
  7 swamp drakes
  4 sky beasts
  4 orc warriors
  11 black bears
  3 ogres
  3 centaurs
  7 wolves
  A big kobold (D:9)
  15 crocodiles
  14 bullfrogs
  A gnoll sergeant (D:7)
  A wyvern zombie (D:10)
  Dowan (D:7)
  A scorpion (D:6)
  10 killer bees (D:10)
  3 wights (D:6)
  3 electric eels
  A howler monkey (D:8)
  5 crimson imps
  2 bullfrog zombies
  2 quasits (D:11)
  7 hounds
  2 centaur zombies
  A human zombie (Ossuary)
  3 orc priests
  4 centaur skeletons
  2 jellies
  7 orc wizards
  3 bullfrog skeletons
  4 iguanas
  7 worker ants
  A big kobold zombie (Ossuary)
  4 mummies (Ossuary)
  4 worker ant zombies
  8 adders
  7 gnolls
  3 howler monkey skeletons
  A hound simulacrum (D:11)
  A shadow imp (D:6)
  A white imp (D:11)
  2 ufetubi (D:11)
  An ooze (D:3)
  An adder skeleton (D:7)
  A dart slug (D:1)
  A leopard gecko (D:3)
  25 orcs
  2 ball pythons
  8 bats
  9 giant cockroaches
  A gnoll zombie (Ossuary)
  8 goblins
  8 hobgoblins
  21 jackals
  12 kobolds
  6 quokkas
  4 frilled lizards
  2 hobgoblin zombies (Ossuary)
  A jackal zombie (D:5)
  A leopard gecko skeleton (D:4)
  2 orc zombies (Ossuary)
  10 rats
  3 briar patches
  A plant (Lair:5)
572 creatures vanquished.

Vanquished Creatures (others)
  An ugly thing (Swamp:4)
  A human (Lair:6)
  2 briar patches (Swamp:3)
  5 fungi
  4 plants
13 creatures vanquished.

Grand Total: 585 creatures vanquished

Notes
Turn   | Place    | Note
-------+----------+-------------------------------------------
     0 | D:1      | Kloppie the Minotaur Gladiator began the quest for the Orb.
     0 | D:1      | Reached XP level 1. HP: 18/18 MP: 0/0
    46 | D:1      | Reached skill level 1 in Armour
    46 | D:1      | Reached XP level 2. HP: 13/25 MP: 1/1
   252 | D:1      | Reached XP level 3. HP: 19/30 MP: 2/2
   581 | D:2      | Reached skill level 2 in Armour
   731 | D:2      | Found a blossoming altar of Fedhas.
   769 | D:2      | Found an ancient bone altar of Kikubaaqudgha.
   944 | D:2      | Found an iron altar of Okawaru.
   950 | D:2      | Became a worshipper of Warmaster Okawaru
  1405 | D:3      | Reached XP level 4. HP: 38/38 MP: 3/3
  1423 | D:3      | Noticed Grinder
  1426 | D:3      | Gained mutation: You occasionally shout uncontrollably at your foes. [potion of mutation]
  1426 | D:3      | Gained mutation: You evolve. [potion of mutation]
  1426 | D:3      | Gained mutation: Your muscles are strong. (Str +2) [potion of mutation]
  1435 | D:3      | Paralysed by Grinder for 7 turns
  1447 | D:3      | Killed Grinder
  1447 | D:3      | Reached * piety under Okawaru
  1447 | D:3      | Reached skill level 5 in Polearms
  1447 | D:3      | Reached skill level 3 in Armour
  1447 | D:3      | Reached XP level 5. HP: 15/47 MP: 4/4
  1692 | D:3      | Lost mutation: You evolve. [potion of mutation]
  1692 | D:3      | Lost mutation: Your muscles are strong. (Str +2) [potion of mutation]
  1692 | D:3      | Lost mutation: You occasionally shout uncontrollably at your foes. [potion of mutation]
  1692 | D:3      | Gained mutation: You are robust. (+10% HP) [potion of mutation]
  1692 | D:3      | Gained mutation: You have large cloven feet. [potion of mutation]
  1700 | D:3      | Reached XP level 6. HP: 55/58 MP: 5/5
  1712 | D:3      | Found a stormy altar of Qazlal.
  2384 | D:4      | Found a snail-covered altar of Cheibriados.
  2390 | D:4      | Reached skill level 4 in Armour
  2539 | D:4      | Noticed Timinator's ghost (amateur GrEE)
  2552 | D:4      | Killed Timinator's ghost
  2552 | D:4      | Reached skill level 5 in Fighting
  2618 | D:4      | Got a scintillating steel ring
  2639 | D:4      | Reached skill level 5 in Armour
  2639 | D:4      | Reached XP level 7. HP: 63/67 MP: 6/6
  2725 | D:4      | Found a sand-covered staircase.
  2729 | Ossuary  | Entered an ossuary
  2747 | Ossuary  | Reached ** piety under Okawaru
  2948 | D:4      | Identified the ring of Satisfaction {MR+ Slay+4} (You found it on level 4 of the Dungeon)
  3152 | D:5      | Entered Level 5 of the Dungeon
  3497 | D:5      | Noticed a steam dragon
  3498 | D:5      | Noticed a steam dragon
  3520 | D:5      | Killed a steam dragon
  3531 | D:5      | Killed a steam dragon
  3531 | D:5      | Reached skill level 6 in Armour
  3903 | D:5      | Reached XP level 8. HP: 73/78 MP: 7/7
  4038 | D:5      | Found a glowing silver altar of Zin.
  4038 | D:5      | Found an opulent altar of Gozag.
  4066 | D:5      | Reached skill level 7 in Armour
  4218 | D:5      | Reached *** piety under Okawaru
  4448 | D:6      | Noticed Menkaure
  4452 | D:6      | Killed Menkaure
  4607 | D:6      | Reached skill level 8 in Armour
  4614 | D:6      | Reached XP level 9. HP: 64/89 MP: 6/8
  4855 | D:6      | Reached **** piety under Okawaru
  4872 | D:6      | Found a staircase to the Ecumenical Temple.
  4987 | D:7      | Noticed Duvessa
  4989 | D:7      | Noticed Dowan
  5000 | D:7      | Killed Duvessa
  5004 | D:7      | Killed Dowan
  5067 | D:7      | Reached skill level 9 in Armour
  5072 | D:7      | Reached skill level 10 in Polearms
  5525 | D:7      | Reached ***** piety under Okawaru
  5532 | D:7      | Reached skill level 10 in Armour
  5534 | D:7      | Reached skill level 10 in Fighting
  5534 | D:7      | Reached XP level 10. HP: 101/102 MP: 9/9
  5736 | D:8      | Received a gift from Okawaru
  5741 | D:8      | Reached skill level 1 in Invocations
  5950 | D:8      | Found a faded altar of an unknown god.
  5950 | D:8      | Found a deep blue altar of Sif Muna.
  5955 | D:8      | Found a sacrificial altar of Ru.
  5957 | D:8      | Found a hazy altar of Hepliaklqana.
  5959 | D:8      | Found a snail-covered altar of Cheibriados.
  6097 | D:8      | Found a glowing golden altar of the Shining One.
  6688 | D:9      | Killed an unseen horror
  6983 | D:9      | Found a burning altar of Makhleb.
  7036 | D:9      | Noticed a sphinx
  7048 | D:9      | Killed a sphinx
  7334 | D:10     | Entered Level 10 of the Dungeon
  7381 | D:10     | Reached XP level 11. HP: 98/108 MP: 12/14
  7496 | D:10     | Noticed Schimscham's ghost (journeyman MfIE)
  7545 | D:10     | Killed Schimscham's ghost
  7545 | D:10     | Received a gift from Okawaru
  7590 | D:10     | Found Ejo Sior's General Store.
  8225 | D:11     | Found a staircase to the Lair.
  8495 | D:11     | Reached skill level 11 in Armour
  8524 | D:11     | Noticed a purple ugly thing
  8533 | D:11     | Killed a purple ugly thing
  8932 | Lair:1   | Entered Level 1 of the Lair of Beasts
  8980 | D:11     | HP: 4/108 [polar bear (8)]
  9518 | Lair:1   | Noticed an eight-headed hydra
  9530 | Lair:1   | Killed an eight-headed hydra
  9530 | Lair:1   | Reached ****** piety under Okawaru
  9530 | Lair:1   | Received a gift from Okawaru
  9530 | Lair:1   | Reached XP level 12. HP: 43/118 MP: 8/16
  9862 | Lair:1   | Reached skill level 15 in Polearms
 10356 | Lair:2   | Found a staircase to the Snake Pit.
 10550 | Lair:2   | Found a bloodstained altar of Trog.
 11132 | Lair:3   | Found a staircase to the Swamp.
 11279 | Lair:3   | Reached skill level 12 in Armour
 11571 | Lair:3   | Received a gift from Okawaru
 11922 | Lair:4   | Noticed a six-headed hydra
 11935 | Lair:4   | Killed a six-headed hydra
 11966 | Lair:4   | Received a gift from Okawaru
 12127 | Lair:4   | Noticed Caractacus's ghost (journeyman HOAK)
 12143 | Lair:4   | Killed Caractacus's ghost
 12173 | Lair:4   | Reached XP level 13. HP: 118/129 MP: 15/17
 12209 | Lair:4   | Reached skill level 13 in Armour
 12809 | Lair:5   | Noticed Nessos
 12825 | Lair:5   | Killed Nessos
 12924 | Lair:5   | Reached skill level 5 in Dodging
 13026 | Lair:5   | Noticed Urug
 13044 | Lair:5   | Killed Urug
 13145 | Lair:5   | Received a gift from Okawaru
 13145 | Lair:5   | Reached skill level 14 in Armour
 13148 | Lair:5   | Got a dazzling cloak {god gift}
 13159 | Lair:5   | Identified the +1 cloak "Hastri Arrero" {rC+ Str+4 Int+3} (Okawaru gifted it to you on level 5 of the Lair of Beasts)
 13509 | Lair:5   | You fall through a shaft!
 13509 | Lair:6   | Entered Level 6 of the Lair of Beasts
 13548 | Lair:6   | Noticed Kirke
 13560 | Lair:6   | Killed Kirke
 13791 | Lair:6   | Reached skill level 15 in Armour
 14064 | Lair:6   | Found a viscous altar of Jiyva.
 14064 | Lair:6   | Found a staircase to the Slime Pits.
 14234 | Lair:6   | Received a gift from Okawaru
 14234 | Lair:6   | Reached XP level 14. HP: 118/138 MP: 15/18
 14994 | Swamp:1  | Entered Level 1 of the Swamp
 15757 | Swamp:2  | Noticed a thorn hunter
 15779 | Swamp:2  | Killed a thorn hunter
 16101 | Swamp:2  | Received a gift from Okawaru
 16117 | Swamp:2  | Reached skill level 16 in Armour
 17203 | Swamp:3  | Received a gift from Okawaru
 17203 | Swamp:3  | Reached skill level 15 in Fighting
 17270 | Swamp:3  | Noticed Jorgrun
 17271 | Swamp:3  | Noticed a thorn hunter
 17292 | Swamp:3  | Killed a thorn hunter
 17304 | Swamp:3  | Killed Jorgrun
 17304 | Swamp:3  | Reached XP level 15. HP: 97/155 MP: 12/19
 17555 | Swamp:3  | Noticed a thorn hunter
 17570 | Swamp:3  | Killed a thorn hunter
 17664 | Swamp:3  | Reached skill level 17 in Armour
 17911 | Swamp:4  | Entered Level 4 of the Swamp
 17935 | Swamp:4  | Noticed a thorn hunter
 18225 | Swamp:3  | HP: 4/158 [eight-headed hydra (8)]
 18226 | Swamp:3  | Slain by an eight-headed hydra

Skill      XL: |  1  2  3  4  5  6  7  8  9 10 11 12 13 14 15 |
---------------+----------------------------------------------+-----
Armour         | 1 2 3 5 6 8 10 11 12 15 16 17 | 17.4
Polearms       | 4 5 6 7 9 10 12 14 16 | 16.9
Fighting       | 3 4 5 6 8 10 12 15 16 | 16.0
Invocations    | 6 7 |  7.2
Dodging        | 8 9 |  9.8
Throwing       | |  2.0

Action                   |  1- 3 |  4- 6 |  7- 9 | 10-12 | 13-15 || total
-------------------------+-------+-------+-------+-------+-------++-------
Melee: Trident           |   103 |    69 |   284 |   483 |       ||   939
       Headbutt          |    12 |     5 |    40 |   131 |   187 ||   375
       Kick              |       |    12 |    68 |     3 |       ||    83
       Glaive            |       |       |       |   209 |       ||   209
       Demon trident     |       |       |       |    24 |   728 ||   752
Invok: Heroism           |       |       |       |     1 |     2 ||     3
  Use: Potion            |       |     9 |     6 |     5 |     2 ||    22
       Scroll            |       |    12 |     5 |     8 |     5 ||    30
 Stab: Distracted        |     1 |       |       |       |       ||     1
       Petrifying        |       |       |       |       |     3 ||     3
       Confused          |       |       |       |       |     2 ||     2
  Eat: Chunk             |     1 |     5 |     9 |    24 |    16 ||    55
       Royal jelly       |       |       |       |       |     2 ||     2
Armor: Leather armour    |     1 |       |       |       |       ||     1
       Scale mail        |    43 |    22 |    21 |       |       ||    86
       Skin              |       |       |    53 |       |       ||    53
       Steam dragon scal |       |       |    27 |       |       ||    27
       Plate armour      |       |       |     8 |   425 |   370 ||   803
Dodge: Dodged            |    66 |    31 |    94 |   236 |   288 ||   715
Block: Other             |       |     1 |       |       |       ||     1
       Reflection        |       |     1 |       |       |       ||     1
